 Dungeon Crawl Stone Soup version 0.21.1-1-g345015f (webtiles) character file.

57221 sking99 the Blocker (level 14, -4/94 HPs)
             Began as a Gargoyle Fighter on June 14, 2018.
             Was a High Priest of Makhleb.
             Killed from afar by a balrug (23 damage)
             ... with a bolt of fire
             ... summoned by the player character
             ... on level 2 of the Orcish Mines.
             The game lasted 01:38:42 (18555 turns).

sking99 the Blocker (Gargoyle Fighter)             Turns: 18555, Time: 01:38:43

Health: -4/94      AC: 30    Str: 24    XL:     14   Next: 85%
Magic:  0/21       EV:  9    Int: 15    God:    Makhleb [*****.]
Gold:   1203       SH: 20    Dex: 14    Spells: 13/13 levels left

rFire    . . .     SeeInvis +   D - +8 demon whip
rCold    + . .     Gourm    .   g - +0 large shield
rNeg     + . .     Faith    .   o - +0 plate armour
rPois    ∞         Spirit   +   p - +0 helmet
rElec    +         Reflect  .   U - scarf {cloud immunity}
rCorr    .         Harm     .   C - +0 pair of gloves
MR       +....                  B - +0 pair of boots
Stlth    ..........             J - amulet of guardian spirit
HPRegen  0.25/turn              z - ring "Rarergh" {rC+ EV+4 Int+5 Dex+5}
MPRegen  0.17/turn              Y - ring of see invisible

@: no status effects
A: big wings, negative energy resistance 1, electricity resistance, unbreathing,
petrification resistance, rot immunity, AC +10
a: Fly, Minor Destruction, Lesser Servant of Makhleb, Major Destruction, Greater
Servant of Makhleb, Renounce Religion


You were on level 2 of the Orcish Mines.
You worshipped Makhleb.
Makhleb was extremely pleased with you.
You were not hungry.

You visited 5 branches of the dungeon, and saw 22 of its levels.

You collected 1650 gold pieces.
You spent 447 gold pieces at shops.

Inventory:

Hand Weapons
 D - a +8 demon whip (weapon)
Armour
 c - a +1 shield
 g - a +0 large shield (worn)
 i - a +0 chain mail
 o - a +0 plate armour (worn)
 p - a +0 helmet (worn)
 B - a +0 pair of boots (worn)
 C - a +0 pair of gloves (worn)
 U - a scarf of cloud immunity (worn)
Jewellery
 a - an uncursed amulet of the gourmand
 b - an uncursed ring of protection from magic
 z - the ring "Rarergh" (left hand) {rC+ EV+4 Int+5 Dex+5}
   (You found it on level 6 of the Lair of Beasts)

   [ring of evasion]

   It affects your evasion (+4).
   It affects your intelligence (+5).
   It affects your dexterity (+5).
   It protects you from cold.
 E - an uncursed ring of protection from fire
 J - an amulet of guardian spirit (around neck)
 X - an uncursed ring of resist corrosion
 Y - a ring of see invisible (right hand)
Wands
 q - a wand of flame (24)
 M - a wand of iceblast (7)
 N - a wand of enslavement (12)
 R - a wand of paralysis (26)
 T - a wand of random effects (57)
Scrolls
 e - 9 scrolls of remove curse
 h - 8 scrolls of identify
 k - 4 scrolls of amnesia
 l - a scroll of torment {unknown}
 r - 3 scrolls of enchant armour
 s - a scroll of random uselessness {unknown}
 w - 6 scrolls of blinking
 x - a scroll of fog
 y - 4 scrolls of magic mapping
 H - 3 scrolls of fear
 L - 5 scrolls of teleportation
Potions
 d - 7 potions of might
 j - 3 potions of heal wounds
 m - a potion of invisibility
 n - 4 potions of agility {unknown}
 t - a potion of mutation
 u - 5 potions of lignification
 v - 7 potions of curing
 A - 3 potions of ambrosia
 F - 3 potions of flight
 G - 3 potions of brilliance
 P - a potion of cancellation
 Q - a potion of haste {unknown}
 V - 2 potions of magic {unknown}
 W - a potion of berserk rage
Miscellaneous
 I - a lightning rod (4/4)
 K - a fan of gales
Comestibles
 f - 32 rations


   Skills:
 + Level 13.0 Fighting
 - Level 12.0 Maces & Flails
 + Level 11.4 Armour
 - Level 1.0 Dodging
 - Level 0.3 Stealth
 + Level 13.9 Shields
 * Level 10.2 Invocations
 - Level 5.2 Evocations


You had 13 spell levels left.
You didn't know any spells.

Dungeon Overview and Level Annotations

Branches:
Dungeon (12/15)            Temple (1/1) D:7            Lair (6/6) D:10
  Swamp (1/4) Lair:2        Snake (0/4) Lair:2        Slime (0/5) Lair:5
    Orc (2/2) D:12
    Elf: Orc:2

Altars:
Ashenzari
Cheibriados
Dithmenos
Elyvilon
Fedhas
Gozag
Hepliaklqana
Kikubaaqudgha
Makhleb
Nemelex Xobeh
Okawaru
Qazlal
Ru
Sif Muna
Trog
Uskayaw
Vehumet
Wu Jian
Xom
Yredelemnul
Zin
The Shining One
Jiyva

Shops:
D:6 (   D:9 (*?*[   D:10 }

Annotations:
D:11 1 runed door


Innate Abilities, Weirdness & Mutations

You are resistant to torment.
Your stone body is resilient. (AC +10)
You are immune to poison.
Your large and strong wings let you fly indefinitely.
You resist negative energy. (rN+)
You are resistant to electric shocks. (rElec)
You can survive without breathing.
You are immune to petrification.
You are immune to rotting.


Message History

Beogh smites you! You block the orc warrior's attack.
You block the orc knight's attack. The balrug gestures at you.
Makhleb smites you!
A demon appears!
The warg bites you but does no damage.
The orc warrior hits you but does no damage.
You block the orc knight's attack. You block the warg's attack.
A demon appears!
You block the orc wizard's attack.
The orc priest hits you but does no damage.
You block the warg's attack.
A demon appears!
The orc wizard no longer looks unusually strong.
You block the orc warrior's attack.
The orc wizard mumbles some strange words.
The orc wizard seems to speed up.
You block the orc knight's attack. The balrug gestures at you.
The bolt of fire hits the orc priest.
The orc priest dies!
The bolt of fire hits you!
You die...

....... #..#####..
#...... #...8.....
....... ##.........
....$..##..........
.........o.oo........
...###....o)##)8.....
.... ####ooo.)#####.
.....#..oh2o)##
#...#3.@)2###
.#.....3o###
#......4..#
##.....###
#........###
...........##
..........<.##
.....##......# ..###
#.....##


You could see 2 balrugs, 2 orc knights, a warg, 3 orc warriors, 2 orc priests, 2
orc wizards, an orc, a friendly orange demon, a friendly neqoxec and a friendly
ynoxinul.

Vanquished Creatures
  An orc warlord (Orc:1)
  Nessos (Lair:5)
  The ghost of Thomus the Severer, a journeyman MiBe of Trog (Lair:3)
  Snorg (Lair:5)
  Harold (D:10)
  8 hydras
  3 catoblepae (Lair:6)
  A two-headed ogre (D:12)
  6 death yaks (Lair:6)
  An orc high priest (Orc:2)
  Nergalle (Lair:3)
  The ghost of Shutra the Fighter, a novice DsGl of Okawaru (D:7)
  A deep elf mage (D:12)
  An orc knight (Orc:1)
  4 orc sorcerers
  4 manticores
  A cyclops (D:12)
  2 black mambas (Lair:4)
  9 spiny frogs
  A gargoyle (D:11)
  2 kobold demonologists (D:11)
  2 rime drakes
  8 komodo dragons
  A tyrant leech (Swamp:1)
  3 polar bears
  3 trolls
  2 hornets
  8 blink frogs
  8 hippogriffs
  14 dream sheep
  Prince Ribbit (Lair:3)
  A shadow (D:9)
  21 yaks
  Sigmund (D:6)
  A vampire (D:12)
  A wraith (D:12)
  3 wyverns
  2 basilisks
  A hungry ghost (D:7)
  3 nagas (Lair:2)
  4 vampire mosquitoes (Swamp:1)
  3 wargs
  8 water moccasins
  Menkaure (D:6)
  Duvessa (D:6)
  A swamp drake (Swamp:1)
  23 orc warriors
  17 porcupines
  A black bear (Lair:2)
  6 sky beasts
  2 ice beasts
  5 ogres
  2 phantoms
  9 wolves
  7 centaurs
  5 crocodiles
  5 big kobolds
  9 bullfrogs
  Blork the orc (D:6)
  Dowan (D:6)
  A water moccasin zombie (D:7)
  4 scorpions
  12 killer bees
  2 howler monkeys
  5 wights (D:11)
  3 crimson imps
  4 bullfrog zombies
  4 centaur zombies
  11 orc priests
  3 bullfrog skeletons
  9 hounds
  5 jellies
  Jessica (D:4)
  A centaur skeleton (D:9)
  15 orc wizards
  Natasha (twice) (D:2)
  2 iguanas
  8 worker ants
  A hound skeleton (D:5)
  3 worker ant zombies
  7 gnolls
  A howler monkey skeleton (D:6)
  13 adders
  6 shadow imps
  An ooze (D:2)
  An adder zombie (D:9)
  4 worms
  3 dart slugs (D:1)
  7 leopard geckos
  76 orcs
  3 ball pythons
  4 giant cockroaches (D:1)
  9 goblins
  2 hobgoblins
  23 jackals
  2 quokkas
  4 bats (D:1)
  3 frilled lizards
  8 kobolds
  6 rats
525 creatures vanquished.

Vanquished Creatures (collateral kills)
  4 death yaks (Lair:6)
  A cyclops (D:11)
  A spiny frog (Lair:6)
  A komodo dragon (Lair:5)
  3 blink frogs (Lair:6)
  3 yaks
  2 orc warriors
  A big kobold (D:11)
  An orc priest (D:11)
  An orc wizard (D:12)
  An adder (D:11)
  10 orcs
  2 jackals (D:11)
  2 kobolds (D:11)
  A plant (Lair:6)
34 creatures vanquished.

Vanquished Creatures (others)
  An orc priest (Orc:2)
  4 fungi
  3 plants
8 creatures vanquished.

Grand Total: 567 creatures vanquished

Notes
Turn   | Place    | Note
-------+----------+-------------------------------------------
     0 | D:1      | sking99 the Gargoyle Fighter began the quest for the Orb.
     0 | D:1      | Reached XP level 1. HP: 14/14 MP: 1/1
    61 | D:1      | Reached XP level 2. HP: 19/19 MP: 2/2
   304 | D:1      | Reached XP level 3. HP: 23/23 MP: 3/3
   940 | D:2      | Reached XP level 4. HP: 9/28 MP: 4/4
  1551 | D:2      | Noticed Natasha
  1567 | D:2      | Killed Natasha
  1811 | D:2      | Noticed Natasha
  1818 | D:2      | Reached XP level 5. HP: 30/32 MP: 5/5
  1822 | D:2      | Killed Natasha
  2716 | D:4      | Found a shattered altar of Ashenzari.
  2835 | D:4      | Reached skill level 5 in Shields
  2835 | D:4      | Reached XP level 6. HP: 34/37 MP: 6/6
  3053 | D:4      | Found an ornate altar of the Wu Jian Council.
  3528 | D:4      | Reached skill level 1 in Dodging
  3590 | D:4      | Found a shimmering altar of Xom.
  3649 | D:4      | Noticed Jessica
  3656 | D:4      | Found a deep blue altar of Sif Muna.
  3676 | D:4      | Killed Jessica
  3734 | D:5      | Entered Level 5 of the Dungeon
  3775 | D:5      | Reached XP level 7. HP: 39/42 MP: 7/7
  3974 | D:5      | Reached skill level 5 in Maces & Flails
  4708 | D:5      | Found a bloodstained altar of Trog.
  4958 | D:5      | Reached XP level 8. HP: 44/48 MP: 8/8
  5020 | D:6      | Found Hutuesyo's Weapon Shop.
  5031 | D:6      | Noticed Menkaure
  5040 | D:6      | Killed Menkaure
  5074 | D:6      | Found a glowing golden altar of the Shining One.
  5082 | D:6      | Found a stormy altar of Qazlal.
  5150 | D:6      | Reached skill level 5 in Armour
  5223 | D:6      | Noticed Sigmund
  5234 | D:6      | Killed Sigmund
  5317 | D:6      | Noticed Duvessa
  5322 | D:6      | Noticed Dowan
  5339 | D:6      | Killed Duvessa
  5355 | D:6      | Killed Dowan
  5456 | D:6      | Noticed Blork the orc
  5473 | D:6      | Killed Blork the orc
  5873 | D:7      | Found a staircase to the Ecumenical Temple.
  5891 | D:7      | Noticed Shutra's ghost (novice DsGl)
  5894 | D:7      | Found an iron altar of Okawaru.
  5914 | D:7      | Reached XP level 9. HP: 41/52 MP: 9/9
  5947 | D:7      | Killed Shutra's ghost
  6197 | D:7      | Reached skill level 5 in Fighting
  6292 | Temple   | Entered the Ecumenical Temple
  6359 | Temple   | Became a worshipper of Makhleb the Destroyer
  6466 | D:7      | Found an opulent altar of Gozag.
  6541 | D:7      | Reached skill level 10 in Maces & Flails
  6783 | D:7      | Reached XP level 10. HP: 32/59 MP: 10/10
  7273 | D:7      | Found a shimmering altar of Xom.
  7616 | D:8      | Reached * piety under Makhleb
  8021 | D:8      | Found a basalt altar of Yredelemnul.
  8024 | D:8      | Found a sacrificial altar of Ru.
  8025 | D:8      | Found a snail-covered altar of Cheibriados.
  8599 | D:9      | Found Rikeg's Assorted Antiques.
  8614 | D:9      | Bought a spiked chain mail for 285 gold pieces
  8624 | D:9      | Identified the cursed +1 chain mail of Iloushex {Int+6} (You bought it in a shop on level 9 of the Dungeon)
  8874 | D:9      | Found Qeyd Iqa's Antique Armour Emporium.
  8892 | D:9      | Reached skill level 1 in Invocations
  8924 | D:9      | Reached ** piety under Makhleb
  8965 | D:9      | Noticed a two-headed hydra
  8976 | D:9      | Killed a two-headed hydra
  8976 | D:9      | Reached XP level 11. HP: 66/66 MP: 11/13
  9118 | D:9      | Found Rifuq's Antique Weapon Shoppe.
  9125 | D:9      | Bought a runed mace for 162 gold pieces
  9175 | D:9      | Found Taimpaw's Magic Scroll Boutique.
  9247 | D:9      | Found Tak Zuu's General Store.
  9349 | D:10     | Entered Level 10 of the Dungeon
  9408 | D:10     | Found Elinor's Gadget Emporium.
  9434 | D:10     | Noticed a six-headed hydra
  9446 | D:10     | Killed a six-headed hydra
  9905 | D:10     | Found a staircase to the Lair.
  9905 | D:10     | Noticed Harold
  9924 | D:10     | Killed Harold
 10087 | Lair:1   | Entered Level 1 of the Lair of Beasts
 10712 | Lair:1   | Reached skill level 5 in Invocations
 11160 | Lair:2   | Noticed a six-headed hydra
 11177 | Lair:2   | Killed a six-headed hydra
 11177 | Lair:2   | Reached skill level 10 in Shields
 11202 | Lair:2   | Found a staircase to the Snake Pit.
 11308 | Lair:2   | Reached XP level 12. HP: 71/75 MP: 14/16
 11309 | Lair:2   | Reached *** piety under Makhleb
 11646 | Lair:2   | Found a staircase to the Swamp.
 11973 | Lair:3   | Noticed Nergalle
 11996 | Lair:3   | Killed Nergalle
 12002 | Lair:3   | Noticed Thomus's ghost (journeyman MiBe)
 12039 | Lair:3   | Killed Thomus's ghost
 12263 | Lair:3   | Noticed Prince Ribbit
 12297 | Lair:3   | Killed Prince Ribbit
 12408 | Lair:3   | Noticed a four-headed hydra
 12419 | Lair:3   | Killed a four-headed hydra
 12419 | Lair:3   | Reached skill level 10 in Fighting
 12941 | Lair:4   | Reached skill level 1 in Evocations
 12989 | Lair:4   | Noticed a five-headed hydra
 13000 | Lair:4   | Killed a five-headed hydra
 13036 | Lair:4   | Reached XP level 13. HP: 83/83 MP: 18/18
 13066 | Lair:4   | Reached **** piety under Makhleb
 13165 | Lair:4   | Reached skill level 10 in Armour
 13791 | Lair:5   | Noticed Snorg
 13813 | Lair:5   | Killed Snorg
 14074 | Lair:5   | Found a viscous altar of Jiyva.
 14074 | Lair:5   | Found a staircase to the Slime Pits.
 14152 | Lair:5   | Noticed Nessos
 14195 | Lair:5   | Killed Nessos
 14595 | Lair:6   | Entered Level 6 of the Lair of Beasts
 14980 | Lair:6   | Gained mutation: Your large and strong wings let you fly indefinitely. [Gargoyle growth]
 14980 | Lair:6   | Reached XP level 14. HP: 91/91 MP: 20/20
 15068 | Lair:6   | Got a fine steel ring
 15154 | Lair:6   | Identified the ring "Rarergh" {rC+ EV+4 Int+5 Dex+5} (You found it on level 6 of the Lair of Beasts)
 15743 | Swamp:1  | Entered Level 1 of the Swamp
 15779 | Swamp:1  | Reached ***** piety under Makhleb
 15779 | Swamp:1  | Reached skill level 5 in Evocations
 16620 | D:11     | Found a white marble altar of Elyvilon.
 16621 | D:11     | Found a runed door.
 16621 | D:11     | Noticed an angel
 17171 | D:12     | Identified a scroll of acquirement
 17603 | D:12     | Found a staircase to the Orcish Mines.
 17852 | Orc:1    | Entered Level 1 of the Orcish Mines
 18165 | Orc:1    | Reached skill level 10 in Invocations
 18181 | Orc:1    | Noticed an orc warlord
 18230 | Orc:1    | Killed an orc warlord
 18337 | Orc:1    | Reached ****** piety under Makhleb
 18459 | Orc:2    | Entered Level 2 of the Orcish Mines
 18545 | Orc:2    | Noticed a balrug
 18552 | Orc:2    | Noticed a balrug
 18555 | Orc:2    | Killed from afar by a balrug

Skill      XL: |  1  2  3  4  5  6  7  8  9 10 11 12 13 14 |
---------------+-------------------------------------------+-----
Armour         | 4 5 6 7 8 9 10 11 | 11.4
Shields        | 4 5 6 7 8 9 10 11 12 13 | 13.9
Maces & Flails | 3 4 6 8 10 11 12 | 12.0
Dodging        | 1 |  1.0
Fighting       | 4 5 6 8 10 11 13 | 13.0
Invocations    | 2 5 7 9 10 | 10.2
Evocations     | 1 4 5 |  5.2
Stealth        | |  0.3

Action                   |  1- 3 |  4- 6 |  7- 9 | 10-12 | 13-15 || total
-------------------------+-------+-------+-------+-------+-------++-------
Melee: Flail             |   166 |   289 |   534 |    60 |       ||  1049
       Demon whip        |       |       |       |   693 |   984 ||  1677
Invok: Minor Destruction |       |       |       |     1 |       ||     1
       Lesser Servant of |       |       |       |       |    15 ||    15
       Major Destruction |       |       |       |       |     1 ||     1
       Greater Servant o |       |       |       |       |     2 ||     2
Evoke: Fan of gales      |       |       |       |       |     1 ||     1
  Use: Scroll            |       |    16 |     4 |    11 |     2 ||    33
       Potion            |       |     1 |     1 |     1 |       ||     3
 Stab: Distracted        |       |       |       |       |     7 ||     7
  Eat: Ration            |       |     1 |       |       |     1 ||     2
       Chunk             |       |     6 |    14 |    20 |    15 ||    55
Armor: Scale mail        |   104 |   151 |   187 |       |       ||   442
       Chain mail        |       |       |    77 |   156 |   243 ||   476
       Ring mail         |       |       |       |    67 |       ||    67
       Skin              |       |       |       |     1 |       ||     1
       Plate armour      |       |       |       |       |    16 ||    16
Dodge: Dodged            |    56 |   113 |   147 |   122 |   151 ||   589
Block: Shield            |    92 |   208 |   333 |   290 |   392 ||  1315
       Large shield      |       |       |       |       |    64 ||    64
